 Dungeon Crawl Stone Soup version 0.28-a0-381-g937acc2988 (webtiles) character file.

Game seed: 15825037145229191447

39 dolemite99 the Chopper (level 3, 0/29 HPs)
             Began as a Demonspawn Chaos Knight on Sept 2, 2021.
             Was a Plaything of Xom.
             Killed from afar by Sigmund (11 damage)
             ... with a puff of flame
             ... on level 2 of the Dungeon.
             The game lasted 00:01:11 (1454 turns).

dolemite99 the Chopper (Demonspawn Chaos Knight)    Turns: 1454, Time: 00:01:12

Health: 0/29       AC:  9    Str: 13    XL:     3   Next: 28%
Magic:  3/3        EV:  6    Int: 13    God:    Xom [..*...]
Gold:   28         SH:  0    Dex: 12    Spells: 2/2 levels left

rFire   . . .      SeeInvis .   a - +0 hand axe (chaos)
rCold   . . .      Faith    .   (no shield)
rNeg    . . .      Spirit   .   g - +0 chain mail
rPois   .          Reflect  .   (no helmet)
rElec   .          Harm     .   (no cloak)
rCorr   .          Rampage  .   (no gloves)
Will    .....                   (no boots)
Stlth   ..........              (no amulet)
HPRegen 0.09/turn               (no ring)
MPRegen 0.08/turn               (no ring)

@: confused, mighty
A: rugged brown scales 1, foul stench 1
a: Renounce Religion


You were on level 2 of the Dungeon.
You worshipped Xom.
You were a toy of Xom.
You visited 1 branch of the dungeon, and saw 2 of its levels.

You collected 28 gold pieces.

Inventory:

Hand Weapons
 a - a +0 hand axe of chaos (weapon)
Missiles
 e - 19 sling bullets
 f - 52 stones (quivered)
Armour
 b - a +2 leather armour
 g - a +0 chain mail (worn)
Jewellery
 c - a ring of magical power
Scrolls
 d - a scroll of enchant weapon {unknown}
 h - a scroll of immolation {unknown}


   Skills:
 - Level 3.0 Fighting
 + Level 4.0 Axes
 - Level 1.7 Armour
 - Level 0.8 Dodging


You had 2 spell levels left.
You didn't know any spells.
Your spell library contained the following spells:

 Spells                   Type           Power      Damage    Failure   Level
 Animate Skeleton         Necr           0%         N/A       100%        1
 Apportation              Tloc           0%         N/A       100%        1
 Corona                   Hex            0%         N/A       100%        1
 Summon Small Mammal      Summ           0%         N/A       100%        1


Dungeon Overview and Level Annotations

Branches:
Dungeon (2/15)

Altars:

Annotations:
D:2 Sigmund


Innate Abilities, Weirdness & Mutations

You are partially covered in rugged brown scales. (AC +1, +3% HP)
You may rarely emit foul miasma when damaged in melee.


Message History

The stone hits Sigmund but does no damage.
Sigmund casts a spell at you.
You are confused.
Sigmund is suddenly surrounded by pale green light.
f - 52 stones (gained 1)
Okay, then.
Sigmund points at you and mumbles some strange words.
The magic dart hits you.
Sigmund hits you from afar with a +0 scythe.
You feel less confused. Sigmund says, "I'm your fate."
Sigmund casts a spell at you. The magic dart hits you!
Sigmund barely misses you.
It was a potion of heal wounds.
You feel much better.
Sigmund hits you from afar with a +0 scythe.
Xom's power flows through you!
Sigmund disappears!
There are no items here.
f - 53 stones (gained 1)
You start resting.
Sigmund is nearby!
Sigmund is nearby!
Sigmund is nearby!
You throw a stone. The stone barely misses Sigmund.
Sigmund casts a spell at you.
You are confused.
Sigmund casts a spell at you.
You are more confused.
Xom smiles on you.
You feel very mighty all of a sudden. Sigmund casts a spell at you.
The puff of flame hits you!
You bump into the rock wall.
Sigmund hits you with a +0 scythe.
You're too confused to move!
Sigmund gestures at you while chanting. The puff of flame hits you!
You die...
Xom cackles wildly!

#..... .............#####
......# #.#.#.####...##.##
#...... #.#.#.####...#.#.#
.......##.#.#.........###.
..............##.#........
.....................#>..#
.......#....#.##.#.......<
.........@..#.##..........
..###.##.@.##.####........
. ## ##...........##...#
#####..###..##...# ##.#
#..###### .# #..# #..#


You could see Sigmund.

Vanquished Creatures
  A dart slug (D:1)
  A bat (D:1)
  12 endoplasms
  3 giant cockroaches
  2 goblins (D:1)
  4 hobgoblins
  4 ball pythons
  2 frilled lizards
  A kobold (D:1)
  2 rats (D:1)
32 creatures vanquished.

Notes
Turn   | Place    | Note
-------+----------+-------------------------------------------
     0 | D:1      | dolemite99 the Demonspawn Chaos Knight began the quest for
                  | the Orb.
     0 | D:1      | Reached XP level 1. HP: 18/18 MP: 1/1
    49 | D:1      | XOM: silly message
   144 | D:1      | Reached skill level 3 in Axes
   274 | D:1      | XOM: silly message
   292 | D:1      | XOM: 3-stop teleportation journey
   375 | D:1      | XOM: silly message
   392 | D:1      | XOM: noise
   399 | D:1      | XOM: divination: detect creatures
   403 | D:1      | XOM: divination: magic mapping
   424 | D:1      | Gained mutation: You are partially covered in rugged brown
                  | scales. (AC +1, +3% HP) [demonic ancestry]
   424 | D:1      | Reached XP level 2. HP: 18/24 MP: 2/2
   917 | D:1      | Gained mutation: You may rarely emit foul miasma when
                  | damaged in melee. [demonic ancestry]
   917 | D:1      | Reached XP level 3. HP: 28/29 MP: 3/3
  1014 | D:1      | XOM: silly message
  1390 | D:2      | Reached skill level 4 in Axes
  1423 | D:2      | Noticed Sigmund
  1436 | D:2      | XOM: cast spell 'Dispersal'
  1448 | D:2      | XOM: potion effect (might)
  1454 | D:2      | Killed from afar by Sigmund

Illustrated notes

Levels and vault maps discovered:
D:1:      dpeg_cavernosity, layout_basic, minmay_misc_feat_chi,
          minmay_door_square, minmay_pentomino_z4
D:2:      minmay_angry_zag, layout_loops_ring, basic_altar, uniq_terence,
          uniq_jessica, uniq_sigmund

Skill      XL: |  1  2  3 |
---------------+----------+-----
Axes           | 3 4 |  4.0
Fighting       | |  3.0
Armour         | |  1.7
Dodging        | |  0.8

Action                   || total
-------------------------++-------
Melee: Hand axe          ||    58
Throw: Stone             ||    26
  Use: Potion            ||     1
Armor: Leather armour    ||    12
       Chain mail        ||     5
Dodge: Dodged            ||    32

Table legend: (Time is in decaauts)
 A = Elapsed time spent in this place.
 B = Non-inter-level travel time spent in this place.
 C = Inter-level travel time spent in this place.
 D = Time resting spent in this place.
 E = Time spent auto-exploring this place.
 F = Levels seen in this place.
 G = Mean time per level.
                   A        B        C        D        E       F      G
               +--------+--------+--------+--------+--------+-----+--------+
         Total |   1464 |   1426 |     38 |      5 |   1141 |   2 |  732.0 |
       Dungeon |   1464 |   1426 |     38 |      5 |   1141 |   2 |  732.0 |
               +--------+--------+--------+--------+--------+-----+--------+

Top non-repeatable levels by time:
     D:1: 1364 daAuts
     D:2: 100 daAuts
